 Dungeon Crawl Stone Soup version 0.28.0-53-g5a82cb258f (webtiles) character file.

Game seed: 12858382734844248963

23 firemarshallily the Sneak (level 2, -1/28 HPs)
             Began as a Naga Monk on June 16, 2022.
             Slain by a jackal (3 damage)
             ... on level 1 of the Dungeon.
             The game lasted 00:03:43 (1021 turns).

firemarshallily the Sneak (Naga Monk)               Turns: 1021, Time: 00:03:43

Health: -1/28      AC:  2    Str: 13    XL:     2   Next: 95%
Magic:  2/2        EV: 10    Int: 10    God:
Gold:   42         SH:  0    Dex: 13    Spells: 1/1 levels left

rFire   . . .      SeeInvis +   a - +0 short sword
rCold   . . .      Faith    .   (no shield)
rNeg    . . .      Spirit   .   b - +0 robe
rPois   +          Reflect  .   (no helmet)
rElec   .          Harm     .   d - +0 cloak
rCorr   .          Rampage  .   (no gloves)
Will    .....                   (no barding)
Stlth   +++.......              (no amulet)
HPRegen 0.09/turn               (no ring)
MPRegen 0.08/turn               (no ring)

@: short of breath, very slow
A: AC +0, large, see invisible, deformed body, poison resistance, slowness 2,
spit poison 1, naga tail 1
a: Spit Poison


You were on level 1 of the Dungeon.
You visited 1 branch of the dungeon, and saw 2 of its levels.

You collected 42 gold pieces.

Inventory:

Hand Weapons
 a - a +0 short sword (weapon)
Missiles
 f - 20 stones
Armour
 b - a +0 robe (worn)
 d - a +0 cloak (worn)
Potions
 c - 2 potions of curing {unknown}
 e - a potion of lignification {unknown}


   Skills:
 + Level 3.2 Fighting
 + Level 3.2 Short Blades
 - Level 2.4 Dodging
 * Level 4.3 Stealth


You had one spell level left.
You didn't know any spells.
Your spell library was empty.

Dungeon Overview and Level Annotations

Branches:
Dungeon (2/15)

Altars:

Shops:
D:1 (


Innate Abilities, Weirdness & Mutations

Your serpentine skin is tough. (AC +0)
You have supernaturally acute eyesight. (SInv)
Armour fits poorly on your strangely shaped body.
Your system is resistant to poisons. (rPois)
You cover ground very slowly.
You can spit poison.
You have a snake-like lower body.


Message History

The jackal completely misses you. The jackal bites you.
You hit the jackal but do no damage.
The jackal bites you but does no damage.
The jackal misses you. The jackal bites you.
You barely miss the jackal.
You have got your breath back.
The jackal barely misses you. The jackal misses you.
The jackal completely misses you. x2
Aiming: Spit Poison (2% risk of failure)
Press: ? - help, Q - select action, (/) - cycle Shift-Dir - straight line, f - jackal, p - jackal
Aim: a jackal (50% to hit)
The splash of poison misses the jackal.
The jackal bites you. x4; The jackal misses you.
You barely miss the jackal. The jackal barely misses you. x2
The jackal closely misses you.
You closely miss the jackal. The jackal bites you.
* * * LOW HITPOINT WARNING * * *
The jackal closely misses you. The jackal bites you.
* * * LOW HITPOINT WARNING * * *
You hit the jackal.
You kill the jackal!
You have got your breath back.
The jackal closely misses you. The jackal bites you.
* * * LOW HITPOINT WARNING * * *
The jackal closely misses you.
The jackal bites you but does no damage.
The jackal bites you but does no damage.
You see here a jackal corpse.
Aiming: Spit Poison (2% risk of failure)
Press: ? - help, Q - select action, (/) - cycle Shift-Dir - straight line, f - jackal
Aim: a jackal (50% to hit)
The splash of poison misses the jackal.
The splash of poison hits the jackal!
The jackal is poisoned.
You kill the jackal!
The jackal bites you.
* * * LOW HITPOINT WARNING * * *
You barely miss the jackal. The jackal bites you.
* * * LOW HITPOINT WARNING * * *
The jackal bites you.
You die...

.......##.....................###
....####...#..................##.
....# #......##.####...####.####.
##### ##...####.# #........# #.
##.......# #...###### #. ####
#.####### #...## #. ...# #.#
#....# #. ##.######.#
#######....# #. ..........#
#†h@.......# #. ...########
#.##.....>.# #. ...#
####.##.#.##..# #. ...#
#......>......##### ## ...#
#.##.##.#.........# ..##
#.##.......#..###.# ###
#.####.....#..# #.#
##...###.......# #.###
#.....##.###...###...###


You could see a jackal.

Vanquished Creatures
  A dart slug (D:1)
  3 endoplasms (D:1)
  2 goblins (D:1)
  2 hobgoblins (D:1)
  3 jackals
  A ball python (D:1)
  A bat (D:1)
  A frilled lizard (D:1)
  3 kobolds (D:1)
  2 rats (D:1)
19 creatures vanquished.

Notes
Turn   | Place    | Note
-------+----------+-------------------------------------------
     0 | D:1      | firemarshallily the Naga Monk began the quest for the Orb.
     0 | D:1      | Reached XP level 1. HP: 21/21 MP: 1/1
   295 | D:1      | Reached XP level 2. HP: 8/28 MP: 2/2
   673 | D:1      | Found Ysaav's Weapon Shoppe.
   751 | D:1      | Found a faded altar of an unknown god.
   795 | D:1      | Reached skill level 4 in Stealth
  1021 | D:1      | Slain by a jackal

Illustrated notes

Levels and vault maps discovered:
D:1:      saegor_arrival_simple_a, layout_loops_cross, serial_shops,
          shop_fountains, hellmonk_ecumenical_altar_slurped_away,
          minmay_fountain_box
D:2:      layout_rooms, serial_glass, glass_columns_a, glass_columns_a,
          uniq_jessica, uniq_sigmund

Skill      XL: |  1  2 |
---------------+-------+-----
Stealth        | 4 |  4.3
Fighting       | |  3.2
Short Blades   | |  3.2
Dodging        | |  2.4

Action                   || total
-------------------------++-------
Melee: Short sword       ||    32
 Abil: Spit Poison       ||    14
  Use: Scroll            ||     1
 Stab: Sleeping          ||     1
Armor: Robe              ||    10
Dodge: Dodged            ||    35
